 Dungeon Crawl Stone Soup version 0.30.1-9-gdf580d7c3d (webtiles) character file.

Game seed: 8486154852217556927

50 Amplified the Caller (level 3, 0/26 HPs)
             Began as a Mummy Summoner on Oct 6, 2023.
             Slain by a worm (8 damage)
             ... on level 2 of the Dungeon.
             The game lasted 00:02:27 (1387 turns).

Amplified the Caller (Mummy Summoner)               Turns: 1387, Time: 00:02:28

Health: 0/26       AC:  3    Str: 13    XL:     3   Next: 55%
Magic:  4/7        EV: 12    Int: 14    God:
Gold:   79         SH:  0    Dex: 12    Spells: 2/8 levels left

rFire   x . .        e - +0 whip
rCold   + . .        (no shield)
rNeg    + + +        a - +0 robe
rPois   ∞            (no helmet)
rElec   .            (no cloak)
rCorr   .            (no gloves)
SInv    .            f - +0 pair of boots {Fly}
Will    .....        (no amulet)
Stlth   ++           (no ring)
HPRegen 0.24/turn    (no ring)
MPRegen 0.10/turn

%: faith
@: flying
A: cold resistance 1, negative energy resistance 3, torment resistance 2, heat
vulnerability 1, in touch with death 1, no potions, faith
a: no special abilities


You were on level 2 of the Dungeon.
You visited 1 branch of the dungeon, and saw 2 of its levels.

You collected 79 gold pieces.

Inventory:

Hand Weapons
 e - a +0 whip (weapon)
Missiles
 c - 4 javelins
Armour
 a - a +0 robe (worn)
 b - a +0 chain mail
 f - a +0 pair of boots of flying (worn)
Magical Staves
 d - a staff of poison


   Skills:
 * Level 1.2 Fighting
 * Level 0.4 Maces & Flails
 * Level 1.1 Armour
 - Level 1.5 Dodging
 - Level 1.5 Stealth
 * Level 3.3 Spellcasting
 * Level 3.5 Summonings


You had 2 spell levels left.
You knew the following spells:

 Your Spells              Type           Power      Damage    Failure   Level
a - Summon Small Mammal   Summ           48%        N/A       4%          1
b - Call Imp              Summ           24%        N/A       8%          2
c - Call Canine Familiar  Summ           12%        N/A       14%         3

Your spell library contained the following spells:

 Spells                   Type           Power      Damage    Failure   Level
 Summon Guardian Golem    Hex/Summ       7%         N/A       30%         3
 Ozocubu's Armour         Ice            2%         N/A       52%         3
 Summon Lightning Spire   Summ/Air       7%         N/A       69%         4
 Ozocubu's Refrigeration  Ice            1%         4d7       100%        7


Dungeon Overview and Level Annotations

Branches:
Dungeon (2/15)

Altars:


Innate Abilities, Weirdness & Mutations

You are immune to poison.
Your flesh is cold resistant. (rC+)
You are immune to negative energy. (rN+++)
You are immune to unholy pain and torment.
You are vulnerable to heat. (rF-)
You are in touch with the powers of death.
You do not drink.
You have a special connection with the divine. (Faith)


Message History

You hit the kobold.
You kill the kobold!
A worm comes into view.
Items here: $ ( ) †.
A worm is nearby!
A worm is nearby!
A worm is nearby!
The worm bites you.
You see here a dart slug corpse.
You are too injured to fight recklessly!
You are too injured to fight recklessly!
You are too injured to fight recklessly!
You are too injured to fight recklessly!
You are too injured to fight recklessly!
You hit the worm.
The worm is lightly wounded.
The worm bites you!
* * * LOW HITPOINT WARNING * * *
You barely miss the worm.
The worm is lightly wounded.
Unknown command.
You hit the worm.
The worm is heavily wounded.
The worm misses you.
Unknown command.
Unknown command.
Unknown command.
Items here: $ ( ) †.
Casting: Call Imp (safe; 8% risk of failure)
Confirm with . or Enter, or press ? or * to list all spells.
A tiny devil pulls itself out of the air.
Unknown command.
Casting: Call Imp (safe; 8% risk of failure)
Confirm with . or Enter, or press ? or * to list all spells.
Unknown command.
Your cerulean imp hits the worm but does no damage.
Unknown command.
Your cerulean imp hits the worm with a -3 spear.
The worm bites you!
You die...

# ########## ## #
#......... ..# #
#>######## #.#
####.###### ##.##
. ..........#
##...## ..
####.#.##.#
##.....##... #
#.#.##.#
#..r.......
#.#.##.#
#.5....##.
####.#.##.#
#.#w@.##
.....#.##.#
#.##.##
######.##.#
#.##.# #....#
#.##)# # #..###
#.#.#.# # #..#
#††###.#
######..#####.##
#.#
....<..........#
##
###############.#


You could see a worm (ally target), a friendly cerulean imp (summoned) and a
friendly quokka (summoned).

Vanquished Creatures
  An adder (D:2)
  A dart slug (D:2)
  5 ball pythons
  An endoplasm (D:1)
  3 hobgoblins (D:1)
  3 jackals (D:1)
  4 kobolds
  2 bats (D:1)
  A frilled lizard (D:1)
  2 rats (D:1)
23 creatures vanquished.

Vanquished Creatures (collateral kills)
  2 ball pythons (D:1)
  2 giant cockroaches (D:1)
  2 hobgoblins (D:1)
  A jackal (D:1)
  2 kobolds (D:1)
  A quokka (D:1)
  2 bats (D:1)
  A rat (D:1)
13 creatures vanquished.

Grand Total: 36 creatures vanquished

Notes
Turn   | Place    | Note
-------+----------+-------------------------------------------
     0 | D:1      | Amplified the Mummy Summoner began the quest for the Orb.
     0 | D:1      | Reached XP level 1. HP: 13/13 MP: 4/4
   212 | D:1      | Reached XP level 2. HP: 12/20 MP: 2/5
   316 | D:1      | Learned a level 2 spell: Call Imp
   445 | D:1      | Reached skill level 1 in Fighting
   647 | D:1      | Gained mutation: You are in touch with the powers of death.
                  | [Mummy growth]
   647 | D:1      | Reached XP level 3. HP: 16/26 MP: 4/7
   730 | D:1      | Reached skill level 1 in Armour
   773 | D:1      | Identified a scroll of acquirement
   773 | D:1      | Acquired a +0 pair of boots of flying
  1236 | D:2      | Learned a level 3 spell: Call Canine Familiar
  1387 | D:2      | Slain by a worm

Illustrated notes

Levels and vault maps discovered:
D:1:      mrwooster_arrival_statue, layout_loops_corners
D:2:      layout_loops_ring, chequers_ecumenical_altar_twisty,
          serial_bayou_crossing

Skill      XL: |  1  2  3 |
---------------+----------+-----
Spellcasting   | 3 |  3.3
Fighting       | 1 |  1.2
Armour         | 1 |  1.1
Maces & Flails | |  0.4
Dodging        | |  1.5
Stealth        | |  1.5
Summonings     | |  3.5

Action                     || total
---------------------------++-------
  Melee: Unarmed           ||    30
         Whip              ||    97
         Punch             ||     2
   Cast: Summon Small Mamm ||    13
         Call Imp          ||     6
    Use: Scroll            ||     2
   Stab: Sleeping          ||     5
 Armour: Robe              ||    44
  Dodge: Dodged            ||    82
